 Dungeon Crawl Stone Soup version 0.17.2 (webtiles) character file.

94 mrath the Cudgeler (level 4, -1/39 HPs)
             Began as a Minotaur Fighter on May 24, 2016.
             Slain by Sigmund
             ... wielding a +1 scythe of venom
              (6 damage)
             ... on level 2 of the Dungeon.
             The game lasted 00:07:13 (1989 turns).

mrath the Cudgeler (Minotaur Fighter)               Turns: 1989, Time: 00:07:13

Health: -1/39      AC:  3    Str: 22    XL:     4   Next: 38%
Magic:  3/3        EV:  8    Int:  5    God:
Gold:   58         SH:  9    Dex:  9    Spells: 0 memorised, 3 levels left

rFire  . . .     SeeInvis .     a - +0 flail
rCold  . . .     Clarity  .     i - +0 leather armour (curse)
rNeg   . . .     SustAt   .     c - +0 shield
rPois  .         Gourm    .     (helmet restricted)
rElec  .         Spirit   .     (no cloak)
rCorr  .         Warding  .     (no gloves)
rMut   .         Stasis   .     (no boots)
MR     .....                    (no amulet)
Stlth  +.........               (no ring)
                                (no ring)

@: lethally poisoned (-1 -> -21), not resistant to hostile enchantments, very
unstealthy
A: retaliatory headbutt, horns 2
a: no special abilities


You were on level 2 of the Dungeon.
You were hungry.

You visited 1 branch of the dungeon, and saw 2 of its levels.

You collected 58 gold pieces.

Inventory:

Hand Weapons
 a - a +0 flail (weapon)
Missiles
 h - 41 stones (quivered)
 k - 15 poisoned needles
Armour
 b - a +0 scale mail
 c - a +0 shield (worn)
 i - a cursed +0 leather armour (worn)
Potions
 d - a potion of might
 g - a potion of heal wounds {unknown}
 j - a potion of lignification {unknown}
Books
 f - a book of Hinderance

   Spells                             Type                      Level
   a - Confusing Touch                Hexes                        2
   b - Confuse                        Hexes                        3
   c - Gell's Gravitas                Hexes/Translocation          3
   d - Petrify                        Transmutation/Earth          4
   e - Metabolic Englaciation         Hexes/Ice                    5
Comestibles
 e - a bread ration
 l - a meat ration
 m - 4 chunks of flesh


   Skills:
 - Level 3.6 Fighting
 + Level 5.7 Maces & Flails
 - Level 3.6 Armour
 - Level 3.6 Shields


You had 3 spell levels left.
You didn't know any spells.

Dungeon Overview and Level Annotations

Branches:
Dungeon (2/15)

Altars:
Ashenzari
Fedhas
Gozag

Annotations:
D:2 Sigmund


Innate Abilities, Weirdness & Mutations

You reflexively headbutt those who attack you in melee.
You have a pair of horns on your head.


Message History

You hit something.
You feel sick. Something hits you.
You are lethally poisoned!
You closely miss something.
You feel sick. Something hits you.
You barely miss something.
* * * LOW HITPOINT WARNING * * *
You feel sick.
You miss something.
* * * LOW HITPOINT WARNING * * *
You feel sick. You block its attack.
Your shield prevents you from hitting something.
You headbutt something.
* * * LOW HITPOINT WARNING * * *
You feel sick. Something hits you.
* * * LOW HITPOINT WARNING * * *
You are more poisoned.
You are feeling hungry.
You closely miss something.
* * * LOW HITPOINT WARNING * * *
You feel sick. Something hits you.
You die...

....#.#.##..........#..#≈._##
....#.#.##..........#..'...8#
#........+..........#.##≈(_##
#.......##..........#.####.#
#.#.######..........#.# ###
....# #.....)....#.# #.###
#..........#.# #.#
######..######.# #.#
#....#..{@.....# #.#
#.##.#..######## #.#
#.##.#..####### ..#
#.##.#........# ###
#.##.##.#####....... ..#
#.##.##.# ..##### #.#
#.>.....# ..# #.# ####.####
#.# #'##### ##'### .#


There were no monsters in sight!

Vanquished Creatures
  Ijyb (D:2)
  A gnoll (D:1)
  2 worms (D:2)
  3 giant geckos
  2 ball pythons (D:2)
  2 giant cockroaches
  4 goblins
  12 hobgoblins
  4 bats (D:2)
  4 kobolds
  16 rats
51 creatures vanquished.

Notes
Turn   | Place    | Note
--------------------------------------------------------------
     0 | D:1      | mrath the Minotaur Fighter began the quest for the Orb.
     0 | D:1      | Reached XP level 1. HP: 19/19 MP: 0/0
   148 | D:1      | Reached XP level 2. HP: 26/26 MP: 1/1
   397 | D:1      | Reached skill level 4 in Maces & Flails
   574 | D:1      | Reached XP level 3. HP: 28/31 MP: 2/2
  1015 | D:2      | Found a faded altar to an unknown god.
  1086 | D:2      | Found an opulent altar of Gozag.
  1385 | D:2      | Reached skill level 5 in Maces & Flails
  1711 | D:2      | Noticed Ijyb
  1719 | D:2      | Killed Ijyb
  1719 | D:2      | Reached XP level 4. HP: 35/39 MP: 3/3
  1938 | D:2      | Found a shattered altar of Ashenzari.
  1939 | D:2      | Found a blossoming altar of Fedhas.
  1965 | D:2      | Noticed Sigmund
  1989 | D:2      | Slain by Sigmund

Action                   |  1- 3 |  4- 6 || total
-------------------------+-------+-------++-------
Melee: Flail             |    94 |    18 ||   112
Throw: Stone             |     8 |       ||     8
  Use: Scroll            |     2 |       ||     2
  Eat: Chunk             |     2 |     1 ||     3
